Cogmind - Beta 16 @@@ ROGUE MODE // 2025.11.29 @ 12:18:51 Player: Duduxx Result: Destroyed by Piercing Trap Performance ------------- Evolutions (0) 0 Regions Visited (3) 600 Robots Destroyed (15) 75 Value Destroyed (451) 451 Prototype IDs (0) 0 Alien Tech Used (0) 0 Bonus (0) 0 TOTAL SCORE: 1126 Bonus ------- None Cogmind --------- Core Integrity 0/250 Matter 300/300 Energy 99/100 System Corruption 2% Temperature Cool (0) Movement Rolling (100) Location -10/Subcaves Parts ------- > --- POWER (1) -------- (None) > --- PROPULSION (2) --- Compact Wheel > --- UTILITY (2) ------ Visual Processing Unit > --- WEAPON (2) ------- Subdweller Beam Cannon Subdweller Beam Cannon > --- INVENTORY (5) ---- Subdweller Power Source Light Nuclear Core Seismic Detector Scrap Shield Fragment (47) Scrap Shield Fragment (40) Peak State ------------ > --- POWER ------------ Light Ion Engine > --- PROPULSION ------- Compact Wheel Compact Wheel > --- UTILITY ---------- Improved Heat Sink Small Storage Unit > --- WEAPON ----------- Particle Gun Beam Cannon > --- INVENTORY -------- Subdweller Power Source Light Nuclear Core Visual Processing Unit Seismic Detector Subdweller Beam Cannon [Rating: 11] Favorites ----------- Power Ion Engine Engine Ion Engine Propulsion Light Treads Treads Light Treads Wheel Compact Wheel Utility Small Storage Unit Device Seismic Detector Storage Small Storage Unit Processor Visual Processing Unit Weapon Light Assault Rifle Energy Gun Particle Gun Energy Cannon Beam Cannon Ballistic Gun Light Assault Rifle Build | -11 -10 -10 -10 ------- Run | Yrd Mat Min Sub Slots Evolved . | . . . . Power . | . . . . Propulsion . | . . . . Utility . | . . . . Weapon . | . . . . Parts Attached 17 | 8 . . 9 Power 2 | 1 . . 1 Engine 2 | 1 . . 1 Core . | . . . . Reactor . | . . . . Propulsion 4 | 2 . . 2 Treads 2 | 2 . . . Leg . | . . . . Wheel 2 | . . . 2 Hover . | . . . . Flight . | . . . . Utility 4 | 2 . . 2 Device 2 | 1 . . 1 Storage 1 | 1 . . . Processor 1 | . . . 1 Hackware . | . . . . Protection . | . . . . Artifact . | . . . . Weapon 7 | 3 . . 4 Energy Gun 2 | 1 . . 1 Energy Cannon 3 | . . . 3 Ballistic Gun 2 | 2 . . . Ballistic Cannon . | . . . . Launcher . | . . . . Special Weapon . | . . . . Impact Weapon . | . . . . Slashing Weapon . | . . . . Piercing Weapon . | . . . . Special Melee Weapon . | . . . . Unidentified Prototypes . | . . . . Parts Lost 11 | . . . 11 Power 2 | . . . 2 Propulsion 3 | . . . 3 Utility 2 | . . . 2 Weapon 4 | . . . 4 Highest Loss Streak 6 | . . . 6 To Critical Strikes . | . . . . Average Backups 5 | 1 6 8 5 Power 1 | . 1 2 1 Propulsion 1 | 1 2 2 . Utility 1 | . 1 2 1 Weapon 1 | . . 2 1 Tool/Special . | . . . . Unused Backups 3 | . 1 . 2 Power 2 | . . . 2 Propulsion . | . . . . Utility 1 | . 1 . . Weapon . | . . . . Tool/Special . | . . . . Average Slot Usage (%) 96 | . 100 100 88 Engine 13 | . 14 14 11 Treads 20 | . 28 28 5 Wheel 5 | . . . 17 Device 13 | . 14 14 11 Storage 12 | . 14 14 10 Processor 1 | . . . 3 Energy Gun 2 | . . . 7 Energy Cannon 4 | . . . 13 Ballistic Gun 21 | . 28 28 7 Peak Build Rating 11 | 7 8 8 11 Average Rating 7 | 5 7 8 8 On Entrance 5 | . 7 8 8 Avg Prop Armor Cover (%) . | . . . . Naked Turns . | . . . . Heaviest Build 16 | 14 14 14 16 Greatest Support 40 | 40 40 40 40 Greatest Overweight (x) . | . . . . Average Overweight (x) . | . . . . Largest Inventory Capacity 8 | 8 8 8 8 Average Capacity 7 | 7 8 8 7 Most Carried 8 | 4 8 8 8 Average Carried 5 | 2 6 8 5 Final Capacity 8 | 8 8 8 5 Final Carried 8 | 3 8 8 5 Class Distribution -------------------- 100% | Mutant Dominant Class ---------------- Mutant | -10/Materials Mutant | -10/Mines Mutant | -10/Subcaves Resources | -11 -10 -10 -10 ----------- Run | Yrd Mat Min Sub Matter Collected 593 | 37 422 . 134 Remotely . | . . . . Salvage Created 636 | 29 422 . 185 Parts 40 | 6 26 . 8 Haulers Intercepted . | . . . . Recyclers Shooed . | . . . . Parts Field Recycled . | . . . . Retrieved Matter . | . . . . Parts Self-Destructed 14 | . . . 14 Prevented . | . . . . Parts Restored . | . . . . Kills | -11 -10 -10 -10 ------- Run | Yrd Mat Min Sub Combat Hostiles Destroyed 10 | . 6 . 4 Guns 7 | . 6 . 1 Cannons 3 | . . . 3 Classes Destroyed 6 | 1 4 . 1 Tunneler 1 | 1 . . . Recycler 1 | . 1 . . Operator 1 | . 1 . . Watcher 2 | . 2 . . Grunt 6 | . 6 . . Subdweller 4 | . . . 4 Best Kill Streak 3 | 1 3 . 2 Combat Bots Only 2 | . 2 . 2 Max Kills in Single Turn 1 | 1 1 . 1 Gunslinging . | . . . . Exploded . | . . . . Melee . | . . . . Uniques/NPCs Destroyed . | . . . . Combat | -11 -10 -10 -10 -------- Run | Yrd Mat Min Sub Hostile Shots Fired 81 | . 34 . 47 Missed 18 | . 7 . 11 Hits 63 | . 27 . 36 Projectile 63 | . 27 . 36 Critical Strikes 4 | . 1 . 3 Damage Taken 1234 | . 330 . 904 Core 263 | . 47 . 216 Absorbed by Shields . | . . . . Core Remaining (%) 100 | 100 . . . Volleys Fired 72 | 4 44 . 24 Largest 2 | 2 2 . 2 Hottest 160 | 40 40 . 160 Shots Fired 139 | 8 88 . 43 Gun 123 | 8 88 . 27 Cannon 16 | . . . 16 Launcher . | . . . . Special . | . . . . Kinetic 114 | 8 88 . 18 Thermal 25 | . . . 25 Explosive . | . . . . Electromagnetic . | . . . . Robot Hit Streak 16 | 8 12 . 16 Robot Miss Streak 3 | . 3 . 1 Penetration Max . | . . . . Secondary Targets 1 | . . . 1 Max Gunslinging Chain 1 | . . . 1 Shots Hit Robots 93 | 8 53 . 32 Core Hits 33 | 2 23 . 8 Critical Kills . | . . . . Critical Parts Destroyed 1 | . 1 . . Critical Strikes 1 | . 1 . . Destroy 1 | . 1 . . Melee Attacks . | . . . . Impact . | . . . . Slashing . | . . . . Piercing . | . . . . Sneak Attacks . | . . . . Combat Hostiles . | . . . . Follow-up Attacks . | . . . . Damage Inflicted 983 | 78 557 . 348 Guns 849 | 78 557 . 214 Cannons 134 | . . . 134 Explosions . | . . . . Melee . | . . . . Ramming . | . . . . Kinetic 807 | 78 557 . 172 Thermal 176 | . . . 176 Explosive . | . . . . Electromagnetic . | . . . . Impact . | . . . . Slashing . | . . . . Piercing . | . . . . Highest Corruption 2 | . 2 2 2 Average Corruption 2 | . 2 2 2 Corruption Purged . | . . . . Corruption Blocked . | . . . . Effects 11 | . 1 2 8 Message Errors 1 | . . 1 . Matter Fused 4 | . 1 . 3 Heat Flow Errors 3 | . . . 3 Data Loss (minor) 1 | . . . 1 Data Loss (major) 1 | . . 1 . Weapon Failures 1 | . . . 1 Overload Shots . | . . . . Overflow Damage . | . . . . Projectiles . | . . . . Explosions . | . . . . Melee . | . . . . Knockbacks . | . . . . Impact . | . . . . Kinetic . | . . . . Secondary . | . . . . Self-Inflicted Damage . | . . . . Shots . | . . . . Rammed . | . . . . Targets Rammed . | . . . . Kicked . | . . . . Crushed . | . . . . Highest Temperature 432 | . 27 . 432 Average Temperature 87 | . 10 . 160 Received Heat Transfer 933 | . 204 . 729 Siege Activations . | . . . . Martial Activations . | . . . . Shielding Activations . | . . . . Robots Disrupted . | . . . . Combat Hostiles . | . . . . Robots Corrupted . | . . . . Combat Hostiles . | . . . . Parts Fried . | . . . . Impact Corruptions . | . . . . Robots Melted . | . . . . Combat Hostiles . | . . . . Parts Melted 2 | . . . 2 Heat Transferred 370 | . . . 370 Parts Sabotaged . | . . . . Parts Stolen . | . . . . Parts Stripped . | . . . . Power Chain Reactions . | . . . . Alert | -11 -10 -10 -10 ------- Run | Yrd Mat Min Sub Maximum Alert Level . | . . . . Low Security (%) 100 | 100 100 100 . Level 1 . | . . . . Level 2 . | . . . . Level 3 . | . . . . Level 4 . | . . . . Level 5 . | . . . . High Security . | . . . . Max Security . | . . . . Peak Influence 62 | 5 62 5 . Initial 5 | . . 5 . Average 10 | . 12 1 . Influence Increases 204 | 5 199 . . Destroy 0b10 Robot/C 120 | . 120 . . Destroy 0b10 Robot/NC 25 | 5 20 . . Destroy Leader 44 | . 44 . . Lose Combat Pursuer 15 | . 15 . . Influence Decreases 204 | 5 185 14 . Entered New Map 9 | . . 9 . Time Decay 195 | 5 185 5 . Squads Dispatched 3 | . 3 . . Investigation . | . . . . Extermination . | . . . . Reinforcement 3 | . 3 . . Assault . | . . . . Garrison . | . . . . Intercept . | . . . . Searches Triggered . | . . . . Construction Impeded . | . . . . Haulers Reinforced . | . . . . Active Scanning Responses . | . . . . Cargo Convoy Interrupts . | . . . . Stealth | -11 -10 -10 -10 --------- Run | Yrd Mat Min Sub Distress Signals . | . . . . Communications Jammed . | . . . . Distress Signals . | . . . . Times Spotted 21 | . 17 . 4 Peak Tracking Total 2 | . 2 . 2 Tactical Retreats 1 | . 1 . . Traps | -11 -10 -10 -10 ------- Run | Yrd Mat Min Sub Traps Triggered 2 | . 1 . 1 Indirectly . | . . . . Trap Hack Attempts . | . . . . Triggered . | . . . . Disarmed . | . . . . Reprogrammed . | . . . . Reused . | . . . . Traps Extracted . | . . . . Installed . | . . . . Triggered . | . . . . Machines | -11 -10 -10 -10 ---------- Run | Yrd Mat Min Sub Machines Disabled . | . . . . Max in Single Turn . | . . . . Machines Repaired . | . . . . Machines Dismantled . | . . . . Machines Sabotaged . | . . . . Overloaded Fab Kills . | . . . . Hacking | -11 -10 -10 -10 --------- Run | Yrd Mat Min Sub Machines Accessed 2 | . 2 . . Terminals 2 | . 2 . . Fabricators . | . . . . Repair Stations . | . . . . Recycling Units . | . . . . Scanalyzers . | . . . . Garrison Access . | . . . . Total Hacks 4 | . 4 . . Successful 3 | . 3 . . Failed 1 | . 1 . . Catastrophic . | . . . . Database Lockouts . | . . . . Manual 4 | . 4 . . Terminals 4 | . 4 . . Fabricators . | . . . . Repair Stations . | . . . . Recycling Units . | . . . . Scanalyzers . | . . . . Garrison Access . | . . . . Terminal Hacks 3 | . 3 . . Alert Level 2 | . 2 . . Recall Reinforcements 1 | . 1 . . Fabricator Hacks . | . . . . Repair Station Hacks . | . . . . Recycling Unit Hacks . | . . . . Scanalyzer . | . . . . Garrison Access Hacks . | . . . . Unauthorized Hacks . | . . . . Terminals . | . . . . Fabricators . | . . . . Repair Stations . | . . . . Recycling Units . | . . . . Scanalyzers . | . . . . Garrison Access . | . . . . Data Cores Recovered . | . . . . Used . | . . . . Hacking Detections . | . . . . Full Trace Events . | . . . . Feedback Events . | . . . . Feedback Blocked . | . . . . Robot Schematics Acquired . | . . . . Robots Built . | . . . . Authchips . | . . . . Time . | . . . . Total Robot Build Rating . | . . . . Part Schematics Acquired . | . . . . Parts Built . | . . . . Authchips . | . . . . Time . | . . . . Total Part Build Rating . | . . . . Part Studies Acquired . | . . . . Parts Repaired . | . . . . Time . | . . . . Parts Recycled . | . . . . Recycled Matter . | . . . . Retrieved Matter . | . . . . Retrieved Components . | . . . . Parts Scanalyzed . | . . . . Part Schematics Acquired . | . . . . Parts Damaged . | . . . . Bothacking | -11 -10 -10 -10 ------------ Run | Yrd Mat Min Sub Used RIF Installer . | . . . . Robots Hacked . | . . . . Non-combat . | . . . . Combat . | . . . . Robot Hacks Applied . | . . . . Relay Couplers Released . | . . . . Fabnet Peak Effective % . | . . . . Robots Rewired . | . . . . Allies Hacked . | . . . . Hacks Repelled . | . . . . Allies | -11 -10 -10 -10 -------- Run | Yrd Mat Min Sub Total Allies . | . . . . Largest Group . | . . . . Highest-Rated Group . | . . . . Highest-Rated Ally . | . . . . Total Orders . | . . . . Ally Attacks . | . . . . Total Damage . | . . . . Kills . | . . . . Allies Corrupted . | . . . . Allies Melted . | . . . . Intel | -11 -10 -10 -10 ------- Run | Yrd Mat Min Sub Active Infowar (turns) 1263 | 13 787 75 388 Optics 105 | . . . 105 Seismic 1158 | 13 787 75 283 Robot Analysis Total . | . . . . Derelict Logs Recovered 1 | . . . 1 Drone Launches . | . . . . Drone Recoveries . | . . . . Exploration | -11 -10 -10 -10 ------------- Run | Yrd Mat Min Sub Turns Passed 1369 | 84 787 75 423 Spaces Moved 782 | 38 404 31 309 Core 3 | 3 . . . Treads 514 | 35 404 31 44 Legs . | . . . . Wheels 265 | . . . 265 Hover . | . . . . Flight . | . . . . Fastest Speed 50 | 50 160 160 100 Average Speed 139 | 151 160 160 108 Slowest Speed 160 | 160 160 160 160 Overloaded Moves . | . . . . Propulsion Burnouts . | . . . . Robots Hopped . | . . . . Potential Cave-ins . | . . . . Cave-ins Triggered . | . . . . Exploration Rate (%) 29 | 4 72 15 26 Regions Visited 3 Branch Regions 2 Pre-discovered Areas 1 | . . . 1 Known Exits Taken . | . . . . Unknown Exits Taken 3 | 1 1 1 . Scrap Searched . | . . . . Spaces Dug . | . . . . Terrain Destroyed 1 | . . . 1 Melee . | . . . . Projectile 1 | . . . 1 AOE . | . . . . Terrain Rammed . | . . . . Walls Destroyed . | . . . . Machines Disabled . | . . . . Actions | -11 -10 -10 -10 --------- Run | Yrd Mat Min Sub Total 930 | 54 466 57 353 Wait 44 | . 12 27 5 Move 779 | 37 403 30 309 Hop . | . . . . Pick Up 13 | 3 6 . 4 Fast Attach 9 | 8 . . 1 Attach 7 | . . . 7 Detach 1 | 1 . . . Swap 3 | . . . 3 Drop 2 | 1 1 . . Fire 72 | 4 44 . 24 Melee . | . . . . Ram . | . . . . Kick . | . . . . Crush . | . . . . Escape Stasis . | . . . . Rewire . | . . . . Trap . | . . . . Miscellaneous . | . . . . Route ------- -11/Scrapyard -10/Materials (discovered 2 exits: [*Mat] / [*Min]) -10/Mines -10/Subcaves History --------- Turn | Location | Event 38 | -11/Scrapyard | Discovered new exit (range 16) 85 | -11/Scrapyard | Entered Materials 302 | -10/Materials | Build established: Mutant 602 | -10/Materials | Discovered new exit (range 16) 764 | -10/Materials | Discovered new exit (range 16) 872 | -10/Materials | Entered Mines 930 | -10/Mines | Discovered new exit (range 6) 947 | -10/Mines | Entered Subcaves 1038 | -10/Subcaves | Core integrity fell below 50% 1076 | -10/Subcaves | Lost 5 parts (1p2n2w) 1251 | -10/Subcaves | Learned location of Zion (-7) 1271 | -10/Subcaves | Core integrity fell below 20% 1318 | -10/Subcaves | Lost 6 parts (1p1n2u2w) 1370 | -10/Subcaves | Destroyed by Piercing Trap Last Messages --------------- 01266_ AR-N1I(R) destroyed. 01272_ Particle Gun destroyed. 01272_ Critical hit (Meltdown: +270). 01274_ Com. Wheel destroyed. 01278_ Critical hit (Meltdown: +270). 01280_ Lgt. Ion Engine destroyed. 01287_ Imp. Heat Sink destroyed. 01287_ Beam Cannon destroyed. 01289_ JO-NOD(R) destroyed. 01296_ System corrupted: Matter fused (-9). 01297_ Acquired 26 matter. 01299_ Acquired Sub. Beam Cannon. 01300_ Acquired 4 matter. 01304_ Acquired 6 matter. 01308_ Acquired Scrap Shield Fragment. 01354_ System corrupted: Heat flow error (+171). 01362_ 5L-NLV(u) tweaks Twisted Machinery. 01370_ Triggered Piercing Trap. 01370_ Spikes shoot up from the floor. 01370_ Critical hit (Impale). Map ----- +----------------------------------------------------+ | ?????????????????????????????????????????????????? | | ?????????????????????????????????????????????????? | | ?????????????????????????????????????????????????? | | ?????????????????????????????????????????????????? | | ?????????????????????????????????????????????????? | | ?????????????????????????????????????????????????? | | ?????????????????????####???? ???????????????????? | | ?????????????? ????# ##?# #??????????????????? | | ??????????????? ??## ##"" ##?????????????????? | | ???????????????? ### "" #?????????????????? | | ????????????????? ###???????????????? | | ?????????????????? "##??????????????? | | ??????????????????? ##?????????????? | | ???????????????????? #?????????????? | | ???????###??????????# #? #?????????????? | | ???????# #######????# ## #?????????????? | | ???????# ## ##???# #?????????????? | | ????#### ##### #?????????????? | | ???## ## #??????????????? | | ??## #??????????????? | | ?## ## ##?????????????? | | ?# ##### #?????????????? | | ?# ##?#" #### ##?????????????? | | ?# ### #### ######?## ##??????????????? | | ?# ##?####?????## #???????????????? | | ?# #??????????# @ ##???????????????? | | ?# ## ##?????????# #????????????????? | | ?# ##### #????????# ##????????????????? | | ## ##???# "##??????? #?????????????????? | | ##?????# ""#????? ####?????????????????? | | ###??#### #???? #####????????????????????? | | #### ####?# #?????????????????????????? | | & &% " #### #??????????????????????????? | | & " """" ##### #???????????????????????????? | | ### & """"""" "#??##????????????????????????????? | | #?## " """""" """ #??????????????????????????????? | | ???## " #######""##??????????????????????????????? | | ????#####??????###???????????????????????????????? | | ?????????????????????????????????????????????????? | | ?????????????????????????????????????????????????? | | ?????????????????????????????????????????????????? | | ?????????????????????????????????????????????????? | | ?????????????????????????????????????????????????? | | ?????????????????????????????????????????????????? | | ?????????????????????????????????????????????????? | | ?????????????????????????????????????????????????? | | ?????????????????????????????????????????????????? | | ?????????????????????????????????????????????????? | | ?????????????????????????????????????????????????? | | ?????????????????????????????????????????????????? | +----------------------------------------------------+ Best States ------------- Heat Dissipation 39 Energy Generation 10 Energy Capacity 250 Matter Stores 300 Matter Capacity 300 Sight Range 18 Terrain Scan Density 10 Evasion (%) 40 Recoil Reduction 2 Item Schematics ----------------- None Robot Schematics ------------------ None Fabricated ------------ Nothing Repaired ---------- Nothing Studied --------- None Alien Tech Used ----------------- None Achievements -------------- Ghost 'Em Challenges ------------ None Game ------ Seed GodRegenerativeChainsaw Manual? 0 Play Time 00:11:43 Cumulative 123.5 hours Start 2025.11.29 @ 03:46:57 End 2025.11.29 @ 12:18:51 Sessions 3 Manual Loads 0 Difficulty Rogue Special Mode None Game No. 238 Rogue 238 Adventurer 0 Explorer 0 Win Type - Total 0 Types 0/0/0/0/0/0/0/0/0/0 Lore% 31 Gallery% 48 Achievement% 23 Wizard Run 0 Options --------- Layout 1 ASCII 0 Keyboard 1 Movement Arrows Keybinds 0 Fullscreen 2 Font 24/Smallcaps Map View 50x35 Zoom Use 0% Tactical HUD 1 Map Filters NONE Filters NONE Steam 1 RUN: 45491668-52c1-48e6-b1fa-5bf2c7b09fc7